 Dungeon Crawl Stone Soup version 0.27.1 (webtiles) character file.

Game seed: 2579303109633851270

3309 dtburroughs the Cleaver (level 9, -1/123 HPs)
             Began as a Minotaur Berserker on Aug 29, 2021.
             Was a Priest of Trog.
             Slain by a tengu warrior (3 damage)
             ... on level 8 of the Dungeon.
             The game lasted 00:12:49 (8300 turns).

dtburroughs the Cleaver (Minotaur Berserker)        Turns: 8300, Time: 00:12:49

Health: -1/123     AC: 18    Str: 21    XL:     9   Next: 70%
Magic:  8/8        EV: 12    Int:  7    God:    Trog [***...]
Gold:   416        SH:  0    Dex: 11    Spells: 8/8 levels left

rFire    . . .     SeeInvis .   u - +3 flail
rCold    . . .     Faith    .   (no shield)
rNeg     . . .     Spirit   .   x - +0 plate armour
rPois    .         Reflect  .   (helmet restricted)
rElec    .         Harm     .   y - +2 cloak {rCorr}
rCorr    +         Rampage  .   (no gloves)
Will     .....                  d - +0 pair of boots
Stlth    ..........             (no amulet)
HPRegen  0.30/turn              v - +4 ring of evasion
MPRegen  0.11/turn              (no ring)

@: berserking (expiring), very quick
A: horns 2, retaliatory headbutt
a: Renounce Religion, Berserk, Trog's Hand


You were on level 8 of the Dungeon.
You worshipped Trog.
Trog was most pleased with you.
You visited 1 branch of the dungeon, and saw 8 of its levels.

You collected 416 gold pieces.

Inventory:

Hand Weapons
 a - a +0 hand axe
 u - a +3 flail (weapon)
Missiles
 o - 4 throwing nets (quivered)
Armour
 d - a +0 pair of boots (worn)
 x - a +0 plate armour (worn)
 y - a +2 cloak of preservation (worn)
Jewellery
 v - a +4 ring of evasion (left hand)
 C - a ring of ice
Wands
 s - a wand of iceblast (6)
 A - a wand of polymorph (12)
Scrolls
 b - 5 scrolls of vulnerability {unknown}
 e - a scroll of fear {unknown}
 f - 2 scrolls of teleportation {unknown}
 g - 3 scrolls of blinking {unknown}
 h - 4 scrolls of identify {unknown}
 i - a scroll of torment {unknown}
 j - 4 scrolls of immolation {unknown}
 k - 4 scrolls of magic mapping {unknown}
 p - 2 scrolls of amnesia {unknown}
 t - a scroll of silence {unknown}
 D - 3 scrolls of enchant armour {unknown}
Potions
 c - 5 potions of curing
 l - a potion of flight {unknown}
 m - a potion of ambrosia {unknown}
 n - 2 potions of mutation {unknown}
 q - a potion of invisibility {unknown}
 r - a potion of haste {unknown}
 w - a potion of degeneration {unknown}
 z - a potion of lignification {unknown}
 B - 2 potions of magic {unknown}


   Skills:
 + Level 8.4 Fighting
 + Level 8.4 Axes
 + Level 7.9 Armour
 + Level 7.3 Dodging
 + Level 4.7 Evocations


You had 8 spell levels left.
You didn't know any spells.
Your spell library was empty.

Dungeon Overview and Level Annotations

Branches:
Dungeon (8/15)             Temple (0/1) D:5
   Lair: D:8-11

Altars:
Ashenzari
Kikubaaqudgha
Makhleb
Nemelex Xobeh
Qazlal
Trog
Vehumet
Xom
Lugonu

Shops:
D:6 (

Annotations:
D:8 1 transporter


Innate Abilities, Weirdness & Mutations

You have a pair of horns on your head.
You reflexively headbutt those who attack you in melee.


Message History

The tengu warrior closely misses you.
The tengu conjurer casts a spell.
The tengu conjurer blinks!
You barely miss the tengu warrior.
The tengu warrior is moderately wounded.
The tengu warrior hits you with a +0 great mace!
* * * LOW HITPOINT WARNING * * *
The tengu warrior closely misses you.
The tengu warrior claws you but does no damage.
You sock the tengu warrior! Your headbutt misses the tengu warrior.
The tengu warrior is heavily wounded.
You sock the tengu warrior!
The tengu warrior is severely wounded.
The tengu warrior barely misses you. You furiously retaliate!
You headbutt the tengu warrior!
The tengu warrior pecks you but does no damage.
The tengu warrior claws you but does no damage.
You miss the tengu warrior. Your headbutt misses the tengu warrior.
The tengu warrior is almost dead.
The tengu warrior hits you with a +0 great mace!
* * * LOW HITPOINT WARNING * * *
The tengu warrior pecks you but does no damage.
The tengu warrior claws you but does no damage.
You closely miss the tengu warrior. Your headbutt misses the tengu warrior.
The tengu warrior is almost dead.
The tengu warrior closely misses you. The tengu warrior pecks you.
* * * LOW HITPOINT WARNING * * *
The tengu warrior claws you but does no damage.
You miss the tengu warrior. Your headbutt misses the tengu warrior.
The tengu warrior is almost dead.
The tengu warrior hits you with a +0 great mace!
* * * LOW HITPOINT WARNING * * *
The tengu warrior closely misses you.
The tengu warrior claws you but does no damage.
You closely miss the tengu warrior. Your headbutt misses the tengu warrior.
The tengu warrior is almost dead.
You closely miss the tengu warrior.
The tengu warrior is almost dead.
The tengu warrior hits you with a +0 great mace.
You die...

#)#.#.......# ... #...
#. #.#.#.......# Q.
#..# # #. ............#
.. #..#.# #.
#.####'###### #.###..#.
#. #)# #..##... #.
#.##########..##<.# .
## #.............##..#
..
#.#.#########.##..#.#.#
#.#).....<.@QQ........#
#.#.#####.####.#.##.###
#.#.# #.#.......#.#
#.#######.#.......# .
..........#.......# ##
..........#.....>.#
.(.......#.......#
.........#.......#
.........#[......#


You could see a tengu warrior and a tengu conjurer.

Vanquished Creatures
  Harold (D:7)
  Joseph (D:7)
  Grinder (D:3)
  Eustachio (D:6)
  A water moccasin (D:5)
  Duvessa (D:7)
  An ice beast (D:7)
  2 orc warriors
  A sky beast (D:7)
  A black bear (D:4)
  A necrophage (D:5)
  3 centaurs
  A bullfrog (D:7)
  Dowan (D:7)
  2 water moccasin skeletons
  2 vampire bats (D:6)
  A centaur zombie (D:8)
  A hound (D:6)
  5 orc priests
  Crazy Yiuf (D:6)
  A jelly (D:6)
  A bullfrog skeleton (D:5)
  2 iguanas
  5 orc wizards
  Natasha (thrice) (D:3)
  A hound skeleton (D:5)
  4 adders
  2 white imps
  An ufetubus (D:5)
  An adder skeleton (D:4)
  3 dart slugs
  27 orcs
  5 ball pythons
  4 endoplasms
  4 giant cockroaches
  5 goblins
  4 hobgoblins
  A quokka (D:4)
  10 bats
  8 frilled lizards (D:2)
  7 kobolds
  4 rats
132 creatures vanquished.

Vanquished Creatures (others)
  7 plants (D:2)
7 creatures vanquished.

Grand Total: 139 creatures vanquished

Notes
Turn   | Place    | Note
-------+----------+-------------------------------------------
     0 | D:1      | dtburroughs the Minotaur Berserker began the quest for the
                  | Orb.
     0 | D:1      | Reached XP level 1. HP: 19/19 MP: 0/0
   245 | D:1      | Reached XP level 2. HP: 27/27 MP: 1/1
   920 | D:2      | Found a faded altar of an unknown god.
  1200 | D:2      | Reached XP level 3. HP: 33/33 MP: 2/2
  1309 | D:2      | Reached ** piety under Trog
  1881 | D:3      | Found a bloodstained altar of Trog.
  2042 | D:3      | Noticed Grinder
  2044 | D:3      | Noticed Natasha
  2058 | D:3      | Reached XP level 4. HP: 29/40 MP: 3/3
  2060 | D:3      | Killed Natasha
  2082 | D:3      | Killed Grinder
  2083 | D:3      | Reached skill level 5 in Fighting
  2083 | D:3      | Reached skill level 5 in Axes
  2083 | D:3      | Reached XP level 5. HP: 18/48 MP: 4/4
  2083 | D:3      | Reached XP level 6. HP: 21/56 MP: 5/5
  2398 | D:3      | Noticed Natasha
  2406 | D:3      | Killed Natasha
  2561 | D:3      | Noticed Natasha
  2567 | D:3      | Killed Natasha
  2645 | D:4      | Noticed an orc warrior
  3035 | D:4      | HP: 3/84 [orc warrior (9)]
  3037 | D:4      | Killed an orc warrior
  3038 | D:4      | Reached skill level 1 in Evocations
  3038 | D:4      | Reached XP level 7. HP: 4/61 MP: 6/6
  3471 | D:3      | Reached skill level 5 in Armour
  3802 | D:4      | Found a burning altar of Makhleb.
  4568 | D:5      | Entered Level 5 of the Dungeon
  4671 | D:5      | Reached skill level 5 in Dodging
  5124 | D:5      | Reached *** piety under Trog
  5268 | D:5      | Found a staircase to the Ecumenical Temple.
  5306 | D:5      | Found a shimmering altar of Xom.
  5410 | D:5      | Reached XP level 8. HP: 64/71 MP: 7/7
  6037 | D:6      | Found Uleavamn's Weapon Emporium.
  6178 | D:6      | Found a runed translucent door.
  6179 | D:6      | Noticed Crazy Yiuf
  6183 | D:6      | Killed Crazy Yiuf
  6228 | D:6      | Noticed Eustachio
  6245 | D:6      | Killed Eustachio
  6481 | D:6      | Found a radiant altar of Vehumet.
  6629 | D:7      | Noticed Joseph
  6642 | D:7      | Killed Joseph
  6768 | D:7      | Noticed Dowan
  6769 | D:7      | Noticed Duvessa
  6780 | D:7      | Killed Dowan
  6802 | D:7      | Killed Duvessa
  6925 | D:7      | Reached XP level 9. HP: 79/79 MP: 8/8
  7587 | D:7      | Found the +4 dagger "Morg" {pain, Will+ Int+5}
  7609 | D:7      | Noticed Harold
  7619 | D:7      | Killed Harold
  7744 | D:7      | Found an ancient bone altar of Kikubaaqudgha.
  7745 | D:7      | Found a stormy altar of Qazlal.
  7745 | D:7      | Found a broken altar of Ashenzari.
  7747 | D:7      | Found a sparkling altar of Nemelex Xobeh.
  8195 | D:8      | Found a transporter.
  8197 | D:8      | Found a corrupted altar of Lugonu.
  8197 | D:8      | Noticed an ancient zyme
  8203 | D:8      | Noticed a green ugly thing
  8270 | D:8      | Noticed a tengu conjurer
  8273 | D:8      | Noticed a tengu warrior
  8298 | D:8      | HP: 2/123 [tengu warrior (7)]
  8300 | D:8      | Slain by a tengu warrior

Illustrated notes

Levels and vault maps discovered:
D:1:      lightli_arrival_noodles, layout_loops_ring
D:2:      layout_rooms, serial_co_window_serial, co_window_paths_a,
          co_window_of_opportunity_a, co_window_corner_a, co_window_paths_a,
          co_window_paths_b, co_window_broadway_a, co_window_2corner,
          co_window_2corner, co_window_broadway_a, glass_columns_a,
          glass_columns_b, glass_columns_c, glass_columns_b,
          dreamdust_ecumenical_altar_statues, minmay_lizard_king
D:3:      layout_basic, mainiacjoe_overflow_alcove_1, serial_park_tiny_pond,
          uniq_grinder, uniq_natasha
D:4:      layout_layer_cave, bloody_makhleb
D:5:      layout_loops_ring, mainiacjoe_overflow_boulevard,
          minmay_temple_entry_arrows
D:6:      layout_layer_cave, kennysheep_little_box, serial_shops, shop,
          amcnicky_mini_rare_corridor_liquid, roderic_batcave,
          eino_small_chamber_without_monster, chequers_serial_rivers_room_b,
          uniq_eustachio, uniq_crazy_yiuf_cottage
D:7:      layout_basic, chequers_temple_overflow_statue_of_worship,
          minivault_11, uniq_duvessa, uniq_harold, uniq_joseph
D:8:      gammafunk_corrupted_shrine, layout_basic, grunt_ministairs_5

Skill      XL: |  1  2  3  4  5  6  7  8  9 |
---------------+----------------------------+-----
Axes           | 4 5 6 7 8 |  8.4
Fighting       | 4 5 6 7 8 |  8.4
Armour         | 3 4 5 6 7 |  7.9
Dodging        | 3 4 5 6 7 |  7.3
Evocations     | 1 2 3 4 |  4.7

Action                   |  1- 3 |  4- 6 |  7- 9 || total
-------------------------+-------+-------+-------++-------
Melee: Hand axe          |    80 |    56 |     2 ||   138
       Headbutt          |    15 |    10 |    44 ||    69
       Flail             |       |       |   220 ||   220
Invok: Trog's Hand       |       |     2 |     2 ||     4
       Berserk           |       |     1 |     5 ||     6
Evoke: Wand              |       |       |     8 ||     8
 Stab: Sleeping          |     1 |       |       ||     1
       Paralysed         |       |       |     7 ||     7
Armor: Animal skin       |    16 |     1 |       ||    17
       Ring mail         |       |    11 |    13 ||    24
       Plate armour      |       |       |   139 ||   139
Dodge: Dodged            |    56 |    30 |   174 ||   260
